 Dungeon Crawl Stone Soup version 0.18.1-6-gd335043 (webtiles) character file.

1581 Lovchig the Blocker (level 8, -6/70 HPs)
             Began as a Minotaur Fighter on May 19, 2016.
             Was a Believer of Trog.
             Mangled by DEFE's ghost (19 damage)
             ... on level 5 of the Dungeon.
             The game lasted 00:14:05 (3307 turns).

Lovchig the Blocker (Minotaur Fighter)              Turns: 3307, Time: 00:14:06

Health: -6/70      AC: 11    Str: 22    XL:     8   Next: 60%
Magic:  7/7        EV:  9    Int:  5    God:    Trog [**....]
Gold:   250        SH: 12    Dex: 15    Spells: 0 memorised, 7 levels left

rFire  . . .     SeeInvis .     t - +0 hand axe (chop)
rCold  + . .     Gourm    .     x - +0 chain mail
rNeg   . . .     Faith    .     c - +1 shield
rPois  .         Spirit   .     (helmet restricted)
rElec  .         Dismiss  .     (no cloak)
rCorr  +         Reflect  .     (no gloves)
SustAt .         Harm     .     u - +0 pair of boots of Noughts and Crosses {*Drain MR+ rCorr Dex+4}
MR     +....                    (no amulet)
Stlth  ..........               r - ring of resist corrosion
                                q - ring of protection from cold

@: exhausted, about to teleport, slowed, very slow, somewhat resistant to
hostile enchantments, extremely unstealthy
A: retaliatory headbutt, horns 2
a: Berserk, Trog's Hand, Burn Spellbooks, Renounce Religion


You were on level 5 of the Dungeon.
You worshipped Trog.
Trog was pleased with you.
You were very hungry.

You visited 1 branch of the dungeon, and saw 5 of its levels.

You collected 250 gold pieces.

Inventory:

Hand Weapons
 a - the cursed +1 rapier of Putrescence {drain, +Rage Dex+2 Stlth-, unknown}
   (You found it on level 5 of the Dungeon)

   A truly terrible weapon, it drains the life of those it strikes.
   It affects your dexterity (+2).
   It lets you go berserk.
   It makes you less stealthy.
   It has a curse placed upon it.
 t - a +0 hand axe of chopping (weapon)
Armour
 c - a +1 shield (worn)
 u - the +0 pair of boots of Noughts and Crosses (worn) {*Drain MR+ rCorr Dex+4}
   (You found it on level 4 of the Dungeon)

   It affects your dexterity (+4).
   It affects your resistance to hostile enchantments.
   It protects you from acid and corrosion.
   It causes draining when unequipped.
 x - a +0 chain mail (worn)
Jewellery
 q - a ring of protection from cold (left hand)
 r - a ring of resist corrosion (right hand)
Wands
 s - a wand of polymorph (0/24)
Scrolls
 n - a scroll of identify
 w - a scroll of remove curse
Potions
 d - a potion of might
 g - a potion of mutation {unknown}
 m - 2 potions of haste
 v - a potion of ambrosia {unknown}
Comestibles
 f - 3 bread rations
 i - 4 chunks of flesh
 j - a royal jelly
 k - 2 fruits
 l - 3 beef jerkies
 p - a slice of pizza


   Skills:
 * Level 5.9 Fighting
 * Level 6.0 Axes
 * Level 6.6 Armour
 * Level 5.0 Dodging
 + Level 0.1 Stealth
 * Level 8.0 Shields


You had 7 spell levels left.
You didn't know any spells.

Dungeon Overview and Level Annotations

Branches:
Dungeon (5/15)
 Temple: D:4-7

Altars:
Ashenzari
Dithmenos
Elyvilon
Gozag
Trog
Xom

Annotations:
D:5 DEFE's ghost, novice TrMo


Innate Abilities, Weirdness & Mutations

You reflexively headbutt those who attack you in melee.
You have a pair of horns on your head.


Message History

You closely miss DEFE's ghost. You headbutt DEFE's ghost!
DEFE's ghost is moderately damaged.
DEFE's ghost hits you but does no damage.
You block DEFE's ghost's attack.
You slash DEFE's ghost!
DEFE's ghost is heavily damaged.
You feel sick. DEFE's ghost hits you!
* * * LOW HITPOINT WARNING * * *
You miss DEFE's ghost.
DEFE's ghost is heavily damaged.
DEFE's ghost whispers, "The ORB doesn't exist."
DEFE's ghost hits you!
* * * LOW HITPOINT WARNING * * *
DEFE's ghost hits you but does no damage.
Drink which item? (? for menu, Esc to quit)
You feel better. You block DEFE's ghost's attack.
Read which item? (? for menu, Esc to quit)
As you read the scroll of teleportation, it crumbles to dust.
You feel strangely unstable. DEFE's ghost hits you!!
You die...

#...## ###.......
###..## ##........
##..# #......... ##.#
#.#....... #.#
#......... #.#
#..#...... #.#
..........
###.#######.#......#..
#.†.W@......... .#....
####.#.######.#...
.#.#.. ##....†.#
#.......###
..........##.#.
...........5...
...............
...............
...........(...


You could see DEFE's ghost.

Vanquished Creatures
  Pikel (D:4)
  The ghost of baljet the Sneak, an amateur VSAs (D:4)
  An ice beast (D:5)
  4 slaves (D:4)
  An ogre (D:5)
  4 killer bees (D:5)
  A howler monkey (D:4)
  A crimson imp (D:5)
  A hound (D:4)
  3 orc wizards (D:4)
  An orc priest (D:4)
  A centaur skeleton (D:4)
  A jelly (D:5)
  An iguana (D:4)
  Natasha (twice) (D:2 D:4)
  3 worker ants
  A worker ant zombie (D:5)
  4 adders
  A shadow imp (D:5)
  3 oozes
  An adder skeleton (D:4)
  2 worms
  2 dart slugs
  A giant gecko (D:1)
  15 orcs
  2 giant cockroaches
  5 goblins
  8 hobgoblins
  4 jackals (D:3)
  A quokka (D:5)
  2 ball pythons
  7 bats
  2 giant newts
  A jackal skeleton (D:5)
  7 kobolds
  A quokka skeleton (D:5)
  6 rats
103 creatures vanquished.

Notes
Turn   | Place    | Note
--------------------------------------------------------------
     0 | D:1      | Lovchig the Minotaur Fighter began the quest for the Orb.
     0 | D:1      | Reached XP level 1. HP: 19/19 MP: 0/0
     0 | D:1      | Noticed a ghoul
     4 | D:1      | Noticed a formicid
     5 | D:1      | Noticed an ogre
     7 | D:1      | Noticed a gargoyle
     8 | D:1      | Noticed a naga
    14 | D:1      | Noticed a felid
   133 | D:1      | Found a white marble altar of Elyvilon.
   376 | D:1      | Reached XP level 2. HP: 19/27 MP: 1/1
   709 | D:1      | Reached skill level 4 in Shields
   894 | D:2      | Noticed Natasha
   901 | D:2      | Killed Natasha
   901 | D:2      | Reached XP level 3. HP: 17/33 MP: 2/2
   909 | D:2      | Found a bloodstained altar of Trog.
   914 | D:2      | Became a worshipper of Trog the Wrathful
  1033 | D:2      | Found a shimmering altar of Xom.
  1128 | D:2      | Reached XP level 4. HP: 40/40 MP: 3/3
  1724 | D:3      | Reached * piety under Trog
  1734 | D:3      | Reached skill level 5 in Shields
  1794 | D:3      | Reached skill level 1 in Dodging
  1836 | D:3      | Found a shattered altar of Ashenzari.
  1840 | D:3      | Saw a vision of the Shoals and the Spider Nest.
  1840 | D:3      | Noticed a redback
  1840 | D:3      | Noticed a hippogriff
  1840 | D:3      | Noticed a sea snake
  1840 | D:3      | Noticed a redback
  1840 | D:3      | Noticed a merfolk
  1840 | D:3      | Noticed a redback
  1840 | D:3      | Noticed a siren
  1840 | D:3      | Noticed a hippogriff
  1840 | D:3      | Noticed a siren
  1841 | D:3      | Noticed a wolf spider
  1842 | D:3      | Noticed a wolf spider
  1842 | D:3      | Noticed a redback
  1844 | D:3      | Noticed a wolf spider
  1844 | D:3      | Noticed a wolf spider
  1845 | D:3      | Noticed a redback
  1964 | D:3      | Found a shattered altar of Ashenzari.
  1964 | D:3      | Found a shadowy altar of Dithmenos.
  2216 | D:4      | Reached XP level 5. HP: 41/46 MP: 4/4
  2302 | D:4      | Noticed a slave
  2303 | D:4      | Noticed a slave
  2303 | D:4      | Noticed Pikel
  2303 | D:4      | Noticed baljet's ghost (amateur VSAs)
  2304 | D:4      | Noticed a slave
  2304 | D:4      | Noticed a slave
  2379 | D:4      | Killed a slave
  2402 | D:4      | Killed baljet's ghost
  2402 | D:4      | Reached skill level 5 in Armour
  2402 | D:4      | Reached XP level 6. HP: 42/53 MP: 5/5
  2404 | D:4      | Killed a slave
  2409 | D:4      | Killed a slave
  2419 | D:4      | Killed a slave
  2575 | D:4      | Killed Pikel
  2575 | D:4      | Reached skill level 5 in Fighting
  2575 | D:4      | Reached skill level 5 in Axes
  2575 | D:4      | Reached skill level 6 in Shields
  2575 | D:4      | Reached XP level 7. HP: 40/61 MP: 6/6
  2645 | D:4      | Got a pair of brightly glowing boots
  2656 | D:4      | Identified the +0 pair of boots of Noughts and Crosses {*Drain MR+ rCorr Dex+4} (You found it on level 4 of the Dungeon)
  2660 | D:4      | Found an opulent altar of Gozag.
  2701 | D:4      | Reached ** piety under Trog
  2838 | D:4      | Noticed Natasha
  2841 | D:4      | Reached XP level 8. HP: 64/69 MP: 7/7
  2850 | D:4      | Killed Natasha
  3077 | D:5      | Entered Level 5 of the Dungeon
  3122 | D:5      | Reached skill level 7 in Shields
  3163 | D:5      | Got a smoking rapier
  3269 | D:5      | Noticed DEFE's ghost (novice TrMo)
  3289 | D:5      | Reached skill level 5 in Dodging
  3293 | D:5      | Reached skill level 8 in Shields
  3305 | D:5      | HP: 3/70 [DEFE's ghost (12)]
  3307 | D:5      | Mangled by DEFE's ghost

Skill      XL: |  1  2  3  4  5  6  7  8 |
---------------+-------------------------+-----
Shields        | 4 5 6 8 |  8.0
Fighting       | 4 5 |  5.9
Armour         | 4 5 6 |  6.6
Axes           | 3 4 5 6 |  6.0
Dodging        | 1 2 4 5 |  5.0
Stealth        | |  0.1

Action                   |  1- 3 |  4- 6 |  7- 9 || total
-------------------------+-------+-------+-------++-------
Melee: War axe           |    56 |   146 |       ||   202
       Headbutt          |    13 |    27 |    30 ||    70
       Hand axe          |       |    37 |   130 ||   167
Invok: Berserk           |       |     1 |     1 ||     2
  Use: Scroll            |       |    13 |     1 ||    14
       Potion            |       |     2 |     2 ||     4
  Eat: Chunk             |     1 |     5 |     3 ||     9
Armor: Scale mail        |    21 |    72 |     8 ||   101
       Skin              |       |    14 |       ||    14
       Chain mail        |       |       |    38 ||    38
Dodge: Dodged            |    11 |    44 |    42 ||    97
Block: Shield            |    21 |    99 |    97 ||   217
